Map: Romanticide LE

Players

soul - Winner!

  • Race: Terran Terran
  • League: Grandmaster

SortOf

  • Race: Zerg Zerg
  • League: Master

Event: DreamHack SC2 Masters 2021 Summer

VOD

Have the link to the VOD?

Description

Time

  • Played on: May 21, 2021, 1:22 p.m.
  • Length: 20:39

All games in this series

Show
View Real Time Build Order
Export as new Build Order

soul Terran - Winner!

Build Orders: Reaper Expand 

Get SALT Encoding   

  12  0:00  SCV  
  13  0:12  SCV  
  14  0:17  Supply Depot  
  14  0:24  SCV  
  15  0:38  SCV  
  15  0:39  Barracks  
  16  0:44  Refinery  
  16  0:50  SCV  
  17  1:02  SCV  
  18  1:15  SCV  
  19  1:27  Reaper, Orbital Command  
  20  1:39  Command Center  
  20  1:48  Supply Depot  
  20  1:53  SCV  
  21  1:59  Marine  
  22  2:05  SCV  
  23  2:11  Factory  
  23  2:17  SCV  
  23  2:21  Barracks Reactor  
  24  2:29  SCV  
  25  2:41  SCV  
  26  2:45  Barracks  
  26  2:52  Orbital Command  
  26  2:59  SCV, Command Center  
  27  3:07  Hellion  
  27  3:10  Hellion  
  27  3:12  SCV  
  32  3:15  Barracks Tech Lab  
  32  3:19  Refinery  
  32  3:21  SCV  
  32  3:24  SCV  
  34  3:33  SCV  
  35  3:34  Marine, Stimpack  
  35  3:36  SCV  
  37  3:42  Marine x2  
  37  3:45  SCV  
  40  3:50  SCV  
  40  3:51  Starport  
  40  3:52  Factory Reactor, Marine  
  42  3:57  SCV  
  42  3:59  Marine  
  42  4:00  Marine  
  42  4:02  SCV  
  46  4:06  Supply Depot  
  46  4:10  SCV, Marine  
  46  4:12  Orbital Command  
  46  4:14  SCV  
  49  4:17  Marine x2  
  49  4:22  SCV, Supply Depot  
  52  4:26  SCV  
  52  4:28  Marine  
  54  4:33  Medivac x2  
  54  4:34  SCV  
  54  4:35  Marine  
  54  4:38  Hellion, Marine  
  63  4:39  SCV  
  63  4:43  Refinery  
  63  4:45  Refinery  
  64  4:46  Orbital Command, Marine, SCV  
  64  4:50  Supply Depot  
  64  4:51  SCV  
  67  4:53  Marine  
  67  4:57  Marine  
  67  4:59  SCV, Hellion  
  72  5:03  SCV, Engineering Bay x2  
  74  5:11  SCV, Marine  
  76  5:14  Marauder  
  76  5:15  SCV x2, Medivac, Combat Shield  
  81  5:23  SCV, Supply Depot  
  81  5:24  Factory Tech Lab, Supply Depot  
  81  5:26  Marine  
  81  5:27  SCV  
  84  5:37  Marine  
  85  5:44  Marine, Supply Depot  
  85  5:45  SCV x2, Marine  
  85  5:46  Terran Infantry Armor Level 1, Terran Infantry Weapons Level 1, Supply Depot  
  85  5:47  SCV  
  90  5:57  SCV x2, Starport Reactor, Marine  
  90  5:59  SCV, Siege Tank  
  90  6:03  Marine  
  98  6:09  SCV x2  
  98  6:11  SCV  
  101  6:17  Marine  
  93  6:21  SCV x2  
  93  6:23  SCV  
  93  6:24  Barracks  
  96  6:25  Barracks  
  96  6:26  Marine  
  96  6:27  Barracks  
  96  6:30  Marine  
  95  6:33  SCV x2  
  95  6:35  SCV, Marine  
  95  6:36  Medivac x2  
  95  6:37  Siege Tank  
  104  6:44  Marine  
  104  6:45  SCV x2  
  105  6:47  SCV  
  105  6:48  Marine, Supply Depot  
  105  6:50  Supply Depot  
  105  6:53  Marine  
  107  6:57  SCV  
  107  6:59  Bunker  
  107  7:00  Supply Depot  
  108  7:02  Marine  
  108  7:04  Armory  
  108  7:05  Marine  
  110  7:11  Marine  
  110  7:14  Marine, Command Center  
  112  7:16  Barracks Reactor x2  
  112  7:18  Factory  
  112  7:20  Marine x2  
  112  7:21  Refinery x2  
  114  7:23  Marine  
  114  7:29  Liberator x2, Marine  
  122  7:31  Marine  
  122  7:32  Supply Depot  
  123  7:38  Marine x2  
  123  7:41  Marine  
  123  7:42  SCV x2  
  128  7:46  Barracks  
  128  7:47  Barracks, Marine  
  128  7:48  Siege Tank  
  128  7:49  Marine  
  128  7:51  SCV  
  134  7:52  Terran Infantry Weapons Level 2  
  134  7:55  Marine x2  
  134  7:56  Marine  
  135  7:59  Marine  
  135  8:04  Terran Infantry Armor Level 2, Marine  
  125  8:07  Marine  
  125  8:09  Marine x2  
  125  8:10  Marine  
  125  8:12  SCV x2  
  131  8:13  Marine x2  
  131  8:14  Marine  
  131  8:16  SCV  
  131  8:17  Marine  
  134  8:20  Medivac x2, Siege Tank  
  134  8:22  Marine  
  134  8:25  Marine  
  141  8:27  SCV x2, Marine x3  
  141  8:30  Factory Tech Lab  
  141  8:31  Marine x2  
  148  8:40  SCV x2  
  148  8:41  SCV  
  150  8:43  Planetary Fortress  
  150  8:44  Marine  
  150  8:45  Marine x4  
  150  8:46  Marine  
  156  8:52  SCV x2  
  156  8:53  Siege Tank  
  156  8:54  Marine  
  161  8:57  Marine  
  161  8:58  Marine x2  
  161  8:59  Marine  
  161  9:00  SCV  
  161  9:02  Marine  
  158  9:06  Marine x2, Siege Tank  
  164  9:12  Supply Depot x2  
  164  9:13  Marine x2  
  164  9:21  Marine  
  164  9:22  Marine x3  
  164  9:23  SCV, Marine x2  
  164  9:24  SCV, Marine x2  
  163  9:29  Siege Tank  
  164  9:31  Command Center  
  164  9:34  SCV, Marine x3  
  170  9:38  Siege Tank  
  170  9:39  Marine  
  170  9:40  Marine  
  170  9:41  Sensor Tower, Medivac  
  171  9:45  Marine  
  171  9:52  Marine x6  
  148  9:53  Marine  
  148  9:56  Marine  
  148  9:57  SCV x3, Marine  
  135  10:02  Siege Tank  
  135  10:04  Marine  
  139  10:09  SCV x3, Medivac  
  139  10:12  Medivac  
  146  10:16  Marine, Siege Tank  
  146  10:18  Sensor Tower  
  146  10:21  Terran Infantry Weapons Level 3, SCV x3  
  153  10:29  Marine x4  
  153  10:31  Barracks Tech Lab  
  153  10:32  Barracks Tech Lab  
  153  10:33  SCV x3  
  153  10:34  Terran Vehicle Weapons Level 1, Siege Tank  
  163  10:37  Ghost Academy  
  163  10:45  SCV  
  163  10:46  SCV x2  
  166  10:54  Marine  
  151  10:57  Marine  
  151  10:58  SCV  
  151  11:00  Siege Tank  
  151  11:02  Medivac  
  151  11:03  Marine  
  157  11:06  Marauder x2  
  157  11:07  Marauder, Concussive Shells  
  157  11:10  Refinery x2, Barracks, Factory  
  163  11:11  Command Center  
  163  11:13  Sensor Tower  
  163  11:15  Siege Tank  
  162  11:22  Refinery, Marine x5  
  162  11:23  Refinery  
  162  11:25  Planetary Fortress  
  165  11:26  Marine x3  
  165  11:27  Marine  
  165  11:28  Marauder x2  
  173  11:38  Siege Tank  
  173  11:39  Marine x2  
  176  11:40  Marine  
  176  11:42  Command Center  
  179  11:55  Personal Cloaking, Supply Depot  
  179  11:56  Factory Tech Lab, Sensor Tower, Supply Depot  
  179  12:02  Orbital Command  
  179  12:12  Marine x2  
  177  12:16  Marine x2  
  177  12:17  Marine  
  164  12:35  Supply Depot x2  
  164  12:37  SCV  
  164  12:39  Sensor Tower  
  164  12:43  SCV  
  164  12:44  Barracks Tech Lab, Ghost x3  
  166  12:45  Marine x2  
  166  12:47  Terran Infantry Armor Level 3  
  166  12:49  SCV  
  166  12:51  Command Center  
  175  12:57  Siege Tank x2  
  181  13:05  SCV, Siege Tank  
  185  13:12  Marauder, Ghost  
  187  13:13  Marauder  
  187  13:18  Marauder  
  174  13:21  Medivac x2  
  174  13:26  Marine  
  170  13:29  Siege Tank  
  170  13:30  Marine  
  170  13:33  Marauder  
  166  13:35  Marauder  
  166  13:36  Marine  
  166  13:38  Siege Tank x2  
  166  13:39  Marauder  
  171  13:42  Marauder, Marine  
  171  13:43  Planetary Fortress  
  171  13:46  SCV  
  167  13:55  Marauder  
  169  13:56  Marauder  
  169  13:58  Marine x7  
  169  14:00  Marine  
  169  14:01  Marauder, Siege Tank  
  184  14:03  Marauder  
  186  14:12  Command Center  
  186  14:15  Missile Turret  
  186  14:16  Marauder, Marine  
  189  14:18  Marauder  
  189  14:19  Sensor Tower  
  189  14:22  Ghost  
  189  14:24  Nuke  
  193  14:32  SCV x2  
  193  14:35  Missile Turret  
  195  14:40  Ghost  
  197  14:51  Missile Turret  
  195  14:55  Sensor Tower  
  195  15:00  Planetary Fortress  
  195  15:06  Starport  
  195  15:08  Starport, Fusion Core  
  195  15:20  Ghost x2  
  199  15:28  Orbital Command  
  197  15:29  Command Center x2  
  194  15:40  Ghost x2  
  194  15:41  Marine x4  
  189  15:47  Starport Reactor, Unknown  
  189  15:49  Ghost x2  
  193  15:50  Nuke  
  193  15:57  Advanced Ballistics  
  193  16:01  Marine x7  
  199  16:13  Marine  
  186  16:26  Liberator x5  
  186  16:29  Marine  
  182  16:49  Siege Tank  
  182  16:54  Nuke  
  182  16:57  Orbital Command  
  182  17:01  Marine x6  
  182  17:02  Command Center  
  182  17:03  Command Center  
  182  17:04  Marine  
  189  17:09  Liberator x2, Medivac x2  
  199  17:15  Neosteel Armor  
  199  17:16  Hi-Sec Auto Tracking, Terran Vehicle And Ship Armor Level 1  
  195  17:36  Command Center, Siege Tank  
  198  17:38  Command Center  
  194  17:49  Siege Tank  
  191  17:57  Medivac  
  193  18:09  Siege Tank  
  196  18:16  Siege Tank  
  194  18:24  Planetary Fortress  
  194  18:26  Siege Tank  
  187  18:29  Missile Turret  
  187  18:31  Missile Turret  
  187  18:32  Missile Turret  
  185  18:38  Marauder  
  185  18:41  Siege Tank  
  185  18:47  Marine  
  185  18:48  Marauder x2  
  193  18:50  Missile Turret  
  193  18:51  Missile Turret  
  193  18:53  Marine  
  193  18:54  Marauder  
  199  19:08  Marauder, Marine  
  196  19:10  Refinery x2, Liberator  
  196  19:12  Nuke  
  196  19:14  Thor  
  188  19:27  Viking  
  188  19:28  Viking x3  
  181  19:39  Siege Tank  
  168  19:49  Ghost x4  
  168  19:50  Marine  
  168  19:51  Marine x2  
  168  19:52  Marine x4  
  170  19:53  Marine, Viking  
  170  19:57  Viking  
  170  19:58  Viking x3  
  173  20:08  Marine x2  
  173  20:09  Armory  
Show
View Real Time Build Order
Export as new Build Order

SortOf Zerg 

Build Orders: Hatch First 

Get SALT Encoding   

  12  0:00  Drone  
  13  0:12  Overlord  
  13  0:16  Drone  
  14  0:31  Drone x2  
  16  0:47  Hatchery  
  15  0:51  Drone  
  15  0:55  Drone  
  17  0:59  Drone  
  18  1:09  Extractor  
  17  1:14  Spawning Pool  
  17  1:16  Drone  
  17  1:20  Drone  
  18  1:28  Drone  
  19  1:39  Drone  
  20  1:49  Overlord  
  20  2:00  Queen  
  20  2:01  Queen  
  24  2:02  Zergling x4  
  26  2:11  Drone x2  
  28  2:22  Hatchery  
  27  2:28  Drone  
  28  2:36  Drone  
  29  2:37  Drone  
  29  2:39  Queen  
  29  2:41  Drone  
  32  2:48  Metabolic Boost  
  32  2:52  Overlord  
  32  2:55  Drone x2  
  32  2:58  Drone  
  35  3:08  Overlord  
  35  3:12  Drone x4  
  39  3:18  Queen  
  41  3:22  Drone x2  
  41  3:26  Queen  
  45  3:29  Drone  
  45  3:33  Queen  
  48  3:36  Drone  
  48  3:38  Drone  
  48  3:39  Drone  
  51  3:45  Drone x2  
  51  3:48  Drone x2  
  55  3:52  Overlord x2  
  55  3:58  Zergling x4  
  57  4:05  Overlord  
  57  4:12  Drone x5  
  57  4:14  Drone  
  57  4:15  Queen  
  65  4:17  Drone x2  
  67  4:25  Drone x3  
  67  4:29  Baneling Nest  
  69  4:33  Drone x6  
  69  4:37  Extractor  
  74  4:39  Drone x3  
  74  4:40  Evolution Chamber x2  
  74  4:42  Spore Crawler  
  74  4:51  Hatchery  
  73  4:54  Overlord x2  
  73  4:55  Extractor  
  72  5:05  Queen  
  72  5:06  Extractor, Overlord  
  73  5:10  Zerg Ground Armor Level 1, Zerg Melee Weapons Level 1  
  73  5:11  Overlord  
  73  5:12  Drone  
  73  5:13  Drone x2  
  76  5:14  Drone x2  
  76  5:15  Drone  
  76  5:16  Extractor, Drone  
  76  5:17  Drone  
  76  5:20  Zergling x6  
  83  5:26  Zergling x10  
  88  5:28  Baneling x5  
  88  5:31  Zergling x2  
  89  5:38  Overlord  
  89  5:39  Lair  
  89  5:43  Queen  
  91  5:50  Drone x2  
  91  5:52  Drone x7  
  91  5:55  Baneling x3  
  91  5:56  Drone x3  
  103  6:00  Drone x2  
  105  6:05  Drone  
  105  6:06  Drone, Hatchery  
  106  6:13  Zergling x12  
  106  6:16  Zergling x2  
  106  6:17  Baneling  
  106  6:19  Queen  
  106  6:21  Zergling x4  
  106  6:24  Pneumatized Carapace  
  106  6:25  Overlord  
  110  6:30  Zergling x14  
  114  6:34  Zergling x4  
  114  6:38  Zergling x4  
  115  6:45  Centrifical Hooks  
  109  6:49  Zergling x12  
  109  6:50  Hydralisk Den  
  113  6:54  Baneling  
  113  6:55  Zergling x10  
  118  7:01  Overlord  
  118  7:03  Zergling x14  
  118  7:04  Zerg Ground Armor Level 2  
  118  7:07  Zerg Missile Weapons Level 1  
  118  7:08  Overseer  
  125  7:09  Baneling x8  
  125  7:11  Drone x3  
  125  7:14  Overlord x2  
  128  7:18  Overlord  
  128  7:27  Zergling x10  
  128  7:29  Overseer  
  133  7:30  Baneling x2  
  133  7:36  Muscular Augments  
  133  7:37  Hydralisk x5  
  133  7:39  Zergling x12  
  133  7:42  Extractor  
  148  7:46  Drone x2  
  148  7:47  Drone  
  148  7:49  Zergling x4  
  152  7:54  Drone  
  148  8:03  Hydralisk x2  
  139  8:06  Hydralisk x6, Zergling x2  
  152  8:15  Zergling x20  
  158  8:21  Hydralisk x2  
  162  8:28  Hatchery  
  162  8:29  Overlord  
  162  8:30  Overlord x2  
  162  8:31  Overseer  
  161  8:37  Zergling x6  
  164  8:46  Baneling x6  
  164  8:47  Grooved Spines  
  163  8:49  Baneling x12  
  163  8:50  Zergling x24  
  172  8:58  Zergling x8  
  172  9:02  Baneling  
  155  9:04  Overlord  
  155  9:05  Zergling x4  
  154  9:11  Zergling x24  
  154  9:14  Baneling x7  
  154  9:15  Hydralisk  
  157  9:25  Zergling x6  
  157  9:29  Hydralisk x2  
  157  9:31  Baneling x5  
  162  9:38  Hydralisk x2, Zergling x2  
  156  9:44  Baneling  
  157  9:46  Zergling x12  
  157  9:50  Zergling x2  
  138  9:55  Zergling x8  
  126  10:01  Zergling x8  
  128  10:07  Zerg Melee Weapons Level 2  
  128  10:11  Drone x3  
  128  10:13  Drone  
  132  10:14  Drone  
  132  10:18  Drone  
  132  10:20  Drone x2  
  136  10:21  Baneling x4  
  136  10:22  Overseer  
  136  10:23  Drone x2  
  138  10:30  Drone x5  
  138  10:33  Baneling x10  
  143  10:41  Zergling x18  
  152  10:45  Zergling x6  
  150  10:54  Zergling x6  
  150  10:56  Zergling x4  
  150  10:57  Zergling x6  
  148  11:00  Extractor x2, Zergling x20  
  148  11:03  Extractor  
  154  11:07  Drone x2  
  154  11:10  Drone  
  154  11:11  Drone x3  
  159  11:15  Baneling x5  
  159  11:16  Baneling  
  159  11:17  Hydralisk x4  
  168  11:19  Hatchery  
  168  11:20  Baneling x5  
  168  11:23  Overlord  
  167  11:29  Overseer  
  167  11:33  Zerg Missile Weapons Level 2  
  167  11:34  Infestation Pit  
  167  11:35  Zergling x30  
  167  11:36  Baneling  
  167  11:37  Baneling x9  
  167  11:38  Baneling x3  
  181  11:48  Zergling x16  
  181  11:51  Baneling x5  
  189  12:01  Zergling x12  
  195  12:02  Overlord  
  195  12:07  Overlord  
  180  12:21  Zergling x34  
  165  12:24  Hive  
  165  12:27  Zergling x18  
  172  12:31  Zergling x4  
  172  12:34  Hydralisk x2  
  169  12:37  Baneling x6  
  169  12:40  Drone x2  
  171  12:44  Baneling x2, Hydralisk x4  
  171  12:45  Baneling x5, Hydralisk  
  171  12:47  Baneling x6  
  181  13:02  Hydralisk x8  
  197  13:08  Baneling x6  
  197  13:09  Baneling  
  197  13:10  Zergling x4  
  196  13:17  Zergling x16  
  196  13:19  Zergling x10  
  188  13:21  Overlord  
  188  13:26  Zergling x10  
  169  13:44  Drone x3  
  169  13:45  Drone x5  
  169  13:46  Drone x2, Overlord  
  176  13:49  Zerg Melee Weapons Level 3, Viper  
  176  13:50  Viper, Zerg Ground Armor Level 3  
  176  13:52  Adrenal Glands  
  182  14:03  Zergling x12  
  182  14:07  Baneling x4, Overseer, Overlord  
  188  14:10  Hatchery  
  188  14:11  Baneling x7  
  188  14:12  Baneling x4  
  187  14:19  Overseer  
  187  14:20  Hydralisk x5  
  197  14:35  Baneling x4  
  197  14:40  Queen  
  199  14:46  Baneling x3  
  199  14:47  Baneling, Zergling x2  
  199  14:48  Zergling x2  
  199  14:49  Baneling x2  
  197  15:02  Spore Crawler  
  197  15:06  Zergling x6  
  199  15:10  Baneling x2  
  199  15:20  Baneling x7  
  199  15:23  Overseer  
  181  15:38  Zergling x4  
  181  15:42  Zergling x78, Spire x2  
  199  15:48  Overseer  
  198  15:53  Drone  
  196  16:05  Zergling x6  
  196  16:06  Zergling x4  
  196  16:10  Spore Crawler  
  197  16:12  Zergling x10  
  195  16:19  Zergling x8  
  178  16:26  Zergling x16  
  178  16:27  Zergling x12  
  178  16:28  Zergling x20  
  180  16:34  Zergling x10  
  180  16:36  Zerg Missile Weapons Level 3  
  179  16:41  Hydralisk x2  
  179  16:42  Hydralisk  
  178  16:51  Hatchery, Drone x2  
  178  16:52  Overlord x6  
  178  16:55  Overlord  
  178  16:59  Overseer x2  
  178  17:03  Baneling x11  
  178  17:04  Overlord  
  172  17:13  Greater Spire  
  172  17:14  Zerg Flyer Weapons Level 1  
  172  17:18  Drone  
  172  17:19  Drone x4  
  174  17:27  Spore Crawler  
  174  17:29  Spine Crawler, Overseer  
  172  17:30  Extractor  
  172  17:34  Extractor x2  
  168  17:39  Queen  
  168  17:40  Corruptor x11  
  168  17:41  Corruptor  
  163  18:31  Brood Lord x9  
  163  18:32  Brood Lord  
  183  18:37  Brood Lord  
  183  18:43  Viper  
  186  18:49  Overseer  
  186  18:51  Brood Lord  
  186  18:54  Corruptor  
  190  19:00  Corruptor  
  192  19:08  Corruptor x2  
  166  19:24  Corruptor x4  
  166  19:28  Overseer, Corruptor  
  162  19:31  Zergling x4  
  162  19:35  Zergling x2  
  155  19:42  Zergling x16  
  148  19:52  Zergling x18  
  138  20:08  Zergling x4  
  140  20:14  Hatchery  
Tags
 
Add a new tag
Caveats
  • Supply blocks, unpowered buildings, or Contaminate may cause inaccurate times.
  • Supply counts are checked every 10 seconds.